 Dungeon Crawl Stone Soup version 0.28.0-47-ge53b351184 (webtiles) character file.

Game seed: 12681075874964435443

24 klau3 the Charlatan (level 2, -1/14 HPs)
             Began as a Spriggan Artificer on May 3, 2022.
             Slain by an adder (3 damage)
             ... on level 2 of the Dungeon.
             The game lasted 00:06:22 (1067 turns).

klau3 the Charlatan (Spriggan Artificer)            Turns: 1067, Time: 00:06:24

Health: -1/14      AC:  2    Str:  8    XL:     2   Next: 79%
Magic:  3/3        EV: 18    Int: 12    God:
Gold:   34         SH:  0    Dex: 15    Spells: 1/1 levels left

rFire   . . .      SeeInvis +   j - +2 hand axe (elec)
rCold   . . .      Faith    .   (no shield)
rNeg    . . .      Spirit   .   b - +0 robe
rPois   .          Reflect  .   (helmet restricted)
rElec   .          Harm     .   (no cloak)
rCorr   .          Rampage  .   (gloves unavailable)
Will    .....                   (boots unavailable)
Stlth   ++........              (no amulet)
HPRegen 0.04/turn               (no ring)
MPRegen 0.08/turn               (no ring)

@: lethally poisoned (-1 -> -2), very quick
A: very small, no large weapons, unfitting armour, see invisible, speed 3
a: no special abilities


You were on level 2 of the Dungeon.
You visited 1 branch of the dungeon, and saw 2 of its levels.

You collected 34 gold pieces.

Inventory:

Hand Weapons
 a - a +0 club
 g - a +0 dagger
 j - a +2 hand axe of electrocution (weapon)
 l - a +0 arbalest
Missiles
 f - 3 poisoned darts
Armour
 b - a +0 robe (worn)
 h - a +0 ring mail
Wands
 d - a wand of charming (11)
Potions
 i - a potion of degeneration {unknown}
 k - a potion of berserk rage {unknown}
 m - a potion of invisibility {unknown}
Miscellaneous
 e - a piece from Xom's chessboard (13/15)


   Skills:
 + Level 1.0 Fighting
 + Level 0.1 Maces & Flails
 + Level 3.4 Dodging
 + Level 1.6 Stealth
 + Level 5.1 Evocations


You had one spell level left.
You didn't know any spells.
Your spell library contained the following spells:

 Spells                   Type           Power      Damage    Failure   Level
 Dazzling Flash           Conj/Hex       0%         N/A       69%         3
 Iskenderun's Mystic Bla  Conj/Tloc      0%         2d3       97%         4
 Summon Forest            Summ/Tloc      0%         N/A       100%        5
 Summon Mana Viper        Hex/Summ       0%         N/A       100%        5
 Starburst                Conj/Fire      0%         6d3       100%        6
 Summon Cactus Giant      Summ           0%         N/A       100%        6


Dungeon Overview and Level Annotations

Branches:
Dungeon (2/15)

Altars:


Innate Abilities, Weirdness & Mutations

You are very small and have problems with some larger weapons.
You are too small for most types of armour.
You have supernaturally acute eyesight. (SInv)
You cover ground extremely quickly. (Speed+++)


Message History

The adder barely misses your kobold.
Your kobold misses the adder. The adder barely misses your kobold.
You swap places.
The kobold is no longer charmed.
The kobold misses you.
Aiming: Charm
Press: ? - help, Q - select action, (/) - cycle Shift-Dir - straight line, f - adder
Aim: an adder (moderately wounded, ally target, chance to affect: 70%)
The kobold is charmed.
The adder misses your kobold. The adder bites your kobold.
Your kobold dies!
The adder bites you.
You see here a +0 short sword.
You closely miss the adder.
The adder is moderately wounded.
The adder completely misses you.
You hit the adder.
The adder is moderately wounded.
The hobgoblin is no longer charmed.
The adder misses you. The hobgoblin closely misses you.
The adder closely misses you.
You barely miss the adder.
The adder is moderately wounded.
You barely miss the hobgoblin. The adder completely misses you.
The hobgoblin closely misses you. The adder bites you.
You are poisoned.
The adder poisons you!
You barely miss the adder.
The adder is moderately wounded.
You barely miss the hobgoblin.
You feel sick. The hobgoblin closely misses you. The adder barely misses you.
The hobgoblin misses you.
You closely miss the adder.
The adder is moderately wounded.
You hit the hobgoblin.
* * * LOW HITPOINT WARNING * * *
You feel sick.
The adder misses you. x2; The hobgoblin misses you.
You closely miss the adder.
The adder is moderately wounded.
You hit the hobgoblin but do no damage.
* * * LOW HITPOINT WARNING * * *
You feel sick. The adder completely misses you.
The hobgoblin completely misses you. The adder bites you.
You die...

## ###.# .....#
......# .......
.......
.......#########
..$......S@g...#
.#...#########.#
... #.# . #.# #.
#.###.# #.
#..<..# #.
##.#####
#.##...##
##.#.....##


You could see an adder and a hobgoblin.

Vanquished Creatures
  2 bats (D:1)
  2 endoplasms (D:1)
  A giant cockroach (D:1)
  2 goblins (D:1)
  A hobgoblin (D:1)
  4 jackals (D:1)
  A quokka (D:2)
  2 ball pythons (D:1)
  A frilled lizard (D:1)
  A kobold (D:1)
  4 rats (D:1)
21 creatures vanquished.

Vanquished Creatures (others)
  An adder (D:2)
  A kobold (D:2)
2 creatures vanquished.

Grand Total: 23 creatures vanquished

Notes
Turn   | Place    | Note
-------+----------+-------------------------------------------
     0 | D:1      | klau3 the Spriggan Artificer began the quest for the Orb.
     0 | D:1      | Reached XP level 1. HP: 9/9 MP: 2/2
   496 | D:1      | Reached XP level 2. HP: 14/14 MP: 3/3
   642 | D:1      | Noticed a great orb of eyes
   646 | D:1      | Found a faded altar of an unknown god.
   651 | D:1      | Noticed a shining eye
   651 | D:1      | Noticed an eye of devastation
   651 | D:1      | Noticed a floating eye
   664 | D:1      | Reached skill level 1 in Fighting
   774 | D:1      | Reached skill level 5 in Evocations
  1067 | D:2      | Slain by an adder

Illustrated notes

Levels and vault maps discovered:
D:1:      dpeg_arrival_shelter, layout_loops_cross,
          hellmonk_ecumenical_altar_watching_god, fountainhead
D:2:      layout_loops_ring, basic_altar

Skill      XL: |  1  2 |
---------------+-------+-----
Fighting       | 1 |  1.0
Evocations     | 5 |  5.1
Maces & Flails | |  0.1
Dodging        | |  3.4
Stealth        | |  1.6

Action                   || total
-------------------------++-------
Melee: Club              ||    10
       Hand axe          ||    28
Evoke: Wand              ||    19
       Piece from Xom's  ||     2
 Stab: Sleeping          ||     1
Armor: Robe              ||     9
Dodge: Dodged            ||    54
